 Dungeon Crawl Stone Soup version 0.21-a0-508-gf08a75f (webtiles) character file.

5610 Dawnplanks the Basher (level 10, 0/91 HPs)
             Began as a Minotaur Berserker on Nov 28, 2017.
             Was an Elder of Trog.
             Slain by Joseph
             ... wielding a +0 quarterstaff
              (3 damage)
             ... while paralysed by Joseph
             ... on level 10 of the Dungeon.
             The game lasted 00:34:40 (7789 turns).

Dawnplanks the Basher (Minotaur Berserker)          Turns: 7789, Time: 00:34:40

Health: 0/91       AC:  8    Str: 25    XL:     10   Next: 45%
Magic:  9/9        EV:  2    Int:  4    God:    Trog [****..]
Gold:   497        SH:  0    Dex: 10    Spells: 9/9 levels left

rFire    + . .     SeeInvis .   T - +3 scimitar (flame)
rCold    x . .     Gourm    .   W - +0 shield
rNeg     . . .     Faith    .   y - +0 ring mail
rPois    .         Spirit   .   (helmet restricted)
rElec    .         Reflect  .   (no cloak)
rCorr    .         Harm     .   p - +0 pair of gloves
MR       .....                  (no boots)
Stlth    +.........             (no amulet)
HPRegen  0.25/turn              f - +4 ring of evasion
MPRegen  0.11/turn              J - ring of fire

@: paralysed, berserk cooldown, slowed
A: retaliatory headbutt, horns 2
a: Berserk, Trog's Hand, Brothers in Arms, Burn Spellbooks, Renounce Religion


You were on level 10 of the Dungeon.
You worshipped Trog.
Trog was greatly pleased with you.
You were not hungry.

You visited 1 branch of the dungeon, and saw 10 of its levels.

You collected 497 gold pieces.

Inventory:

Hand Weapons
 a - a +0 mace
 r - a +0 short sword of freezing
 C - a +1 dagger of pain
 D - a +0 glaive
 T - a +3 scimitar of flaming (weapon)
Missiles
 d - 359 stones (quivered)
 O - 4 tomahawks
Armour
 b - a +0 animal skin
 p - a +0 pair of gloves (worn)
 q - a +0 leather armour
 y - a +0 ring mail (worn)
 M - a +2 helmet
 W - a +0 shield (worn)
Jewellery
 f - a +4 ring of evasion (left hand)
 n - an uncursed ring of protection from magic
 H - an uncursed ring of magical power
 J - a ring of fire (right hand)
 N - an uncursed ring of stealth
 V - an uncursed ring of loudness
Wands
 u - a wand of random effects (55)
 B - a wand of disintegration (15)
 I - a wand of enslavement (15)
 S - a wand of iceblast (15)
Scrolls
 e - 2 scrolls of enchant armour {unknown}
 h - 4 scrolls of remove curse
 i - a scroll of enchant weapon
 k - 2 scrolls of amnesia
 m - a scroll of fog
 s - 3 scrolls of magic mapping {unknown}
 t - 2 scrolls of noise {unknown}
 A - a scroll of random uselessness
 E - a scroll of brand weapon
 F - a scroll of fear {unknown}
 P - a scroll of blinking {unknown}
 Q - a scroll of silence {unknown}
 X - a scroll of identify
 Y - 2 scrolls of teleportation {unknown}
Potions
 g - 2 potions of heal wounds {unknown}
 l - 2 potions of curing
 o - 2 potions of might
 v - a potion of ambrosia
 w - a potion of brilliance
 z - 3 potions of haste
 G - 3 potions of lignification {unknown}
 K - a potion of cancellation
 L - 2 potions of mutation {unknown}
 U - a potion of flight {unknown}
Books
 R - a book of Geomancy

   Spells                             Type                      Level
   a - Sandblast                      Earth                        1
   b - Passwall                       Transmutation/Earth          2
   c - Stone Arrow                    Conjuration/Earth            3
   d - Petrify                        Transmutation/Earth          4
   e - Lee's Rapid Deconstruction     Earth                        5
   Trog disapproves of the use of such an item.
Comestibles
 c - 6 bread rations
 j - 18 royal jellies
 x - 3 meat rations


   Skills:
 + Level 9.0 Fighting
 - Level 2.3(4.0) Short Blades
 + Level 5.6(5.9) Long Blades
 - Level 10.3 Maces & Flails
 - Level 0.2 Throwing
 * Level 9.2 Armour
 + Level 6.6 Dodging
 - Level 2.0 Stealth
 * Level 3.3 Shields


You had 9 spell levels left.
You didn't know any spells.

Dungeon Overview and Level Annotations

Branches:
Dungeon (10/15)            Temple (0/1) D:4
   Lair: D:8-11         Orc: D:9-12

Altars:
Cheibriados
Elyvilon
Fedhas
Ru
The Shining One

Shops:
D:10 :

Annotations:
D:10 2 runed doors, Joseph


Innate Abilities, Weirdness & Mutations

You reflexively headbutt those who attack you in melee.
You have a pair of horns on your head.


Message History

You eat one of the 7 bread rations.
That bread ration really hit the spot!
The wolf bites you! x2; Joseph shoots a sling bullet.
You block the sling bullet. The wolf completely misses you.
You furiously retaliate!
You headbutt the wolf.
Joseph zaps a wand.
You suddenly lose the ability to move!
The wolf bites you.
Joseph unwields an uncursed hunting sling.
Joseph wields an uncursed quarterstaff.
Joseph hits you with an uncursed quarterstaff!
* * * LOW HITPOINT WARNING * * *
The wolf bites you but does no damage. x3
Joseph hits you with an uncursed quarterstaff!
* * * LOW HITPOINT WARNING * * *
The wolf bites you but does no damage.
Joseph hits you with an uncursed quarterstaff!
* * * LOW HITPOINT WARNING * * *
The wolf bites you but does no damage. The wolf bites you.
* * * LOW HITPOINT WARNING * * *
Joseph hits you with an uncursed quarterstaff.
You die...

#####
###########....#
#..............#
#..............#
####
#..............#
#..#
#.......@@.....#
#..#
#..####(h#.....#
#..####..#..(..#
....#
#........#.....#
....
#........#.....#
...
#........#<....#
..
#........#.....#
#
##........#.....#
#.........###+###


You could see Joseph and a wolf.

Vanquished Creatures
  Erica (D:8)
  The ghost of Hafrunt the Carver, a novice MiBe of Trog (D:3)
  2 hippogriffs
  4 yaks (D:10)
  A hungry ghost (D:9)
  A basilisk (D:10)
  A water moccasin (D:9)
  A sky beast (D:6)
  An orc warrior (D:9)
  2 black bears
  4 ogres
  3 phantoms
  A wolf (D:10)
  A centaur (D:9)
  A crocodile (D:9)
  Blork the orc (D:5)
  2 bullfrogs (D:9)
  A gnoll sergeant (D:8)
  9 killer bees
  2 bullfrog zombies
  A howler monkey (D:4)
  5 crimson imps
  A quasit (D:9)
  A centaur zombie (D:5)
  A hound (D:2)
  3 jellies (D:8)
  4 orc wizards
  Ijyb (D:4)
  2 iguanas
  Natasha (twice) (D:3)
  4 worker ants
  A killer bee zombie (D:6)
  2 hound zombies (D:5)
  A howler monkey zombie (D:5)
  A worker ant zombie (D:3)
  11 adders
  11 gnolls
  2 shadow imps
  6 oozes
  2 adder skeletons
  3 worms
  2 dart slugs
  11 leopard geckos
  17 orcs
  4 giant cockroaches
  14 goblins
  7 hobgoblins
  12 jackals
  5 kobolds
  4 quokkas
  4 bats
  7 frilled lizards
  8 rats
200 creatures vanquished.

Vanquished Creatures (others)
  Grum (D:10)
1 creature vanquished.

Grand Total: 201 creatures vanquished

Notes
Turn   | Place    | Note
-------+----------+-------------------------------------------
     0 | D:1      | Dawnplanks the Minotaur Berserker began the quest for the Orb.
     0 | D:1      | Reached XP level 1. HP: 19/19 MP: 0/0
   434 | D:1      | Reached XP level 2. HP: 27/27 MP: 1/1
   700 | D:2      | Reached skill level 4 in Maces & Flails
   719 | D:2      | Reached XP level 3. HP: 30/34 MP: 2/2
   947 | D:2      | Reached skill level 5 in Fighting
   947 | D:2      | Reached XP level 4. HP: 36/42 MP: 3/3
  1090 | D:2      | Reached ** piety under Trog
  1442 | D:3      | Noticed Natasha
  1450 | D:3      | Killed Natasha
  1450 | D:3      | Reached skill level 5 in Maces & Flails
  1450 | D:3      | Reached XP level 5. HP: 45/48 MP: 4/4
  1544 | D:3      | Noticed Hafrunt's ghost (novice MiBe)
  1560 | D:3      | Killed Hafrunt's ghost
  1560 | D:3      | Reached skill level 1 in Short Blades
  1560 | D:3      | Reached skill level 7 in Maces & Flails
  1560 | D:3      | Reached skill level 1 in Stealth
  1560 | D:3      | Reached XP level 6. HP: 26/57 MP: 5/5
  1560 | D:3      | Reached XP level 7. HP: 29/63 MP: 6/6
  1944 | D:3      | Noticed Natasha
  1962 | D:3      | Killed Natasha
  2055 | D:3      | Reached *** piety under Trog
  2916 | D:4      | Found a staircase to the Ecumenical Temple.
  2921 | D:4      | Reached skill level 8 in Maces & Flails
  3124 | D:4      | Reached XP level 8. HP: 71/71 MP: 7/7
  3470 | D:4      | Noticed Ijyb
  3479 | D:4      | Killed Ijyb
  3665 | D:5      | Entered Level 5 of the Dungeon
  3861 | D:5      | Found a white marble altar of Elyvilon.
  3861 | D:5      | Found a snail-covered altar of Cheibriados.
  3912 | D:5      | Noticed Blork the orc
  3923 | D:5      | Killed Blork the orc
  4628 | D:6      | Reached skill level 5 in Dodging
  4944 | D:6      | Reached skill level 5 in Armour
  5100 | D:7      | Reached skill level 9 in Maces & Flails
  5111 | D:7      | Noticed a hippogriff
  5124 | D:7      | Killed a hippogriff
  5446 | D:7      | Reached **** piety under Trog
  5591 | D:7      | Found a blossoming altar of Fedhas.
  5591 | D:7      | Found a sacrificial altar of Ru.
  5592 | D:7      | Found a glowing golden altar of the Shining One.
  5613 | D:7      | Reached XP level 9. HP: 79/79 MP: 8/8
  6145 | D:8      | Noticed Erica
  6168 | D:8      | Killed Erica
  6168 | D:8      | Reached skill level 10 in Maces & Flails
  6569 | D:9      | Reached skill level 1 in Long Blades
  6825 | D:9      | Reached skill level 1 in Shields
  6825 | D:9      | Reached XP level 10. HP: 89/90 MP: 9/9
  7131 | D:9      | Found a white marble altar of Elyvilon.
  7278 | D:10     | Entered Level 10 of the Dungeon
  7363 | D:10     | Found Wiraacif's Book Shoppe.
  7397 | D:10     | Reached skill level 5 in Long Blades
  7428 | D:10     | Noticed a two-headed ogre
  7430 | D:10     | Noticed a wizard
  7435 | D:10     | Noticed a centaur warrior
  7728 | D:10     | Found a huge runed gate.
  7728 | D:10     | Found a huge runed gate.
  7731 | D:10     | Noticed a manticore
  7775 | D:10     | Noticed Grum
  7776 | D:10     | Noticed Joseph
  7779 | D:10     | Paralysed by Joseph for 2 turns
  7783 | D:10     | Killed Grum
  7785 | D:10     | Paralysed by Joseph for 7 turns
  7789 | D:10     | HP: 3/91 [wolf[Grum] (3)]
  7789 | D:10     | Slain by Joseph

Vault maps used:
D:1:      dpeg_arrival_brainrot, minmay_close_crescents
D:2:      first_bread, serial_corexii_hall, corexii_hall_statues_l,
          corexii_hall_statues_l
D:3:      uniq_natasha
D:4:      kennysheep_goblin_castle, temple_doors_e
D:5:      gammafunk_temple_overflow_wave, uniq_blork_the_orc
D:6:      cheibrodos_quashed
D:7:      nicolae_overflow_hidden_temple
D:8:      hangedman_little_slice_of_home, uniq_erica
D:9:      elyvilon_altar_4
D:10:     lemuel_bear_cage, serial_shops, shop, minivault_12, uniq_joseph,
          uniq_maurice, uniq_grum

Skill      XL: |  1  2  3  4  5  6  7  8  9 10 |
---------------+-------------------------------+-----
Fighting       | 4 5 6 7 8 9 |  9.0
Maces & Flails | 4 5 7 8 9 10 | 10.3
Armour         | 3 6 8 9 |  9.2
Short Blades   | 1 2 |  2.3
Dodging        | 4 5 6 |  6.6
Stealth        | 1 2 |  2.0
Long Blades    | 2 5 |  5.6
Shields        | 1 3 |  3.3
Throwing       | |  0.2

Action                   |  1- 3 |  4- 6 |  7- 9 | 10-12 || total
-------------------------+-------+-------+-------+-------++-------
Melee: Mace              |    55 |    51 |   257 |       ||   363
       Headbutt          |     7 |    14 |    65 |    17 ||   103
       Short sword       |       |    19 |    64 |       ||    83
       Scimitar          |       |       |    40 |    64 ||   104
Throw: Stone             |       |     3 |    72 |    13 ||    88
Invok: Berserk           |       |     2 |     7 |     2 ||    11
       Trog's Hand       |       |     1 |     4 |     1 ||     6
  Use: Scroll            |       |       |     7 |     4 ||    11
 Stab: Sleeping          |       |       |     3 |       ||     3
  Eat: Chunk             |       |     3 |    24 |     3 ||    30
       Bread ration      |       |       |     1 |     1 ||     2
Armor: Animal skin       |    17 |     6 |     7 |       ||    30
       Ring mail         |       |       |    48 |    30 ||    78
Dodge: Dodged            |    47 |    44 |   247 |    45 ||   383
Block: Shield            |       |       |     6 |    26 ||    32
       Rpst.: Scimitar   |       |       |     7 |    15 ||    22

Table legend:
 A = Spawn XP
 B = Non-spawn XP
 C = Spawn XP percentage of total XP
 D = Spawn monster count
 E = Non-spawn monster count
 F = Spawn count percentage of total count
 G = Total turns spent on level
                    A         B        C        D         E        F      G
               +---------+---------+-------+---------+---------+-------+---------
         Total |       0 |    8015 |   0.0 |       0 |     201 |   0.0 |  7789
               +---------+---------+-------+---------+---------+-------+---------
           D:1 |       0 |      27 |   0.0 |       0 |      14 |   0.0 |   691
           D:2 |       0 |     126 |   0.0 |       0 |      26 |   0.0 |   720
           D:3 |       0 |     978 |   0.0 |       0 |      41 |   0.0 |  1292
           D:4 |       0 |     402 |   0.0 |       0 |      20 |   0.0 |   962
           D:5 |       0 |     250 |   0.0 |       0 |      12 |   0.0 |   573
           D:6 |       0 |     396 |   0.0 |       0 |      11 |   0.0 |   830
           D:7 |       0 |     794 |   0.0 |       0 |      15 |   0.0 |   725
           D:8 |       0 |    1519 |   0.0 |       0 |      22 |   0.0 |   761
           D:9 |       0 |    1762 |   0.0 |       0 |      26 |   0.0 |   724
          D:10 |       0 |    1761 |   0.0 |       0 |      14 |   0.0 |   511
               +---------+---------+-------+---------+---------+-------+---------
